 Dungeon Crawl Stone Soup version 0.20.2-3-g29329e0561 (webtiles) character file.

1057 Alfie the Slasher (level 8, 0/70 HPs)
             Began as a Minotaur Fighter on Sept 23, 2020.
             Slain by an orc warrior
             ... wielding a +0 trident
              (15 damage)
             ... on level 6 of the Dungeon.
             The game lasted 00:10:14 (3532 turns).

Alfie the Slasher (Minotaur Fighter)                Turns: 3532, Time: 00:10:15

Health: 0/70       AC:  9    Str: 27    XL:     8   Next: 6%
Magic:  7/7        EV:  9    Int:  5    God:
Gold:   282        SH: 11    Dex: 11    Spells: 7/7 levels left

rFire    . . .     SeeInvis .   a - +0 long sword
rCold    . . .     Gourm    .   c - +0 shield
rNeg     . . .     Faith    .   b - +0 scale mail
rPois    .         Spirit   .   (helmet restricted)
rElec    .         Reflect  .   (no cloak)
rCorr    .         Harm     .   g - +0 pair of gloves
MR       +....                  (no boots)
Stlth    ..........             (no amulet)
Regen    0.3/turn               k - ring of protection from magic
MPRegen  0.1/turn               (no ring)

@: mighty
A: retaliatory headbutt, horns 2
a: no special abilities


You were on level 6 of the Dungeon.
You were not hungry.

You visited 1 branch of the dungeon, and saw 6 of its levels.

You collected 282 gold pieces.

Inventory:

Hand Weapons
 a - a +0 long sword (weapon)
Armour
 b - a +0 scale mail (worn)
 c - a +0 shield (worn)
 g - a +0 pair of gloves (worn)
Jewellery
 k - a ring of protection from magic (left hand)
 q - an uncursed ring of resist corrosion {unknown}
 r - an uncursed ring of see invisible {unknown}
 w - an uncursed ring of wizardry {unknown}
Wands
 e - a wand of confusion (22/48)
 m - a wand of lightning (15/15)
Scrolls
 h - 3 scrolls of fear
 i - a scroll of blinking
 o - a scroll of remove curse
 t - a scroll of recharging
 u - 2 scrolls of identify
 v - a scroll of enchant armour {unknown}
Potions
 d - 4 potions of might
 j - a potion of degeneration {unknown}
 l - a potion of curing
 s - a potion of invisibility {unknown}
Comestibles
 f - 3 bread rations
 n - 5 meat rations


   Skills:
 + Level 5.8 Fighting
 + Level 7.0 Long Blades
 + Level 6.4 Armour
 + Level 2.5 Dodging
 + Level 6.0 Shields


You had 7 spell levels left.
You didn't know any spells.

Dungeon Overview and Level Annotations

Branches:
Dungeon (6/15)             Temple (0/1) D:4

Altars:
Ashenzari
Fedhas
Makhleb
Nemelex Xobeh
Qazlal
Ru
Trog
Xom


Innate Abilities, Weirdness & Mutations

You reflexively headbutt those who attack you in melee.
You have a pair of horns on your head.


Message History

* * * LOW HITPOINT WARNING * * *
The orc warrior barely misses you.
There is a stone staircase leading up here.
You block the orc warrior's attack.
You feel very mighty all of a sudden.
You feel better.
The orc warrior hits you from afar with a trident!
* * * LOW HITPOINT WARNING * * *
You block the orc's attack.
You hit the orc. You headbutt the orc.
You kill the orc!
You block the orc warrior's attack.
You feel better. You block the orc warrior's attack.
The orc warrior hits you with a trident.
* * * LOW HITPOINT WARNING * * *
Things that are here:
a club; an orc corpse You closely miss the orc warrior.
Your headbutt misses the orc warrior.
The orc warrior hits you with a trident!
You die...

#.#####........# #...#
........###############...###
#.####### #...##.......####
#.# #...............# ..#
#...##.......##.# ###
##..##.#...#......
#..##.#...#.##...
####........##.# .#
#..@o....##.##.# .
#.##.##........#
#.#..##........# #.#.##
...... #... ..... #... ....
#.## . #.


You could see an orc warrior.

Vanquished Creatures
  3 ogres
  A centaur (D:5)
  A bullfrog (D:5)
  A howler monkey (D:6)
  A crimson imp (D:5)
  An orc priest (D:4)
  A gnoll shaman (D:5)
  A bullfrog skeleton (D:4)
  2 iguanas
  4 orc wizards
  3 worker ants
  Robin (D:3)
  12 gnolls
  3 adders
  A shadow imp (D:5)
  An adder zombie (D:4)
  An adder skeleton (D:4)
  4 worms
  A dart slug (D:4)
  2 leopard geckos
  14 orcs
  A ball python (D:6)
  5 giant cockroaches
  11 goblins
  7 hobgoblins
  9 jackals
  A quokka (D:2)
  5 bats
  2 frilled lizards
  2 kobolds
  6 rats
108 creatures vanquished.

Notes
Turn   | Place    | Note
-------+----------+-------------------------------------------
     0 | D:1      | Alfie the Minotaur Fighter began the quest for the Orb.
     0 | D:1      | Reached XP level 1. HP: 19/19 MP: 0/0
   231 | D:1      | Reached XP level 2. HP: 27/27 MP: 1/1
   724 | D:2      | Found a blossoming altar of Fedhas.
   724 | D:2      | Found a stormy altar of Qazlal.
  1064 | D:2      | Reached XP level 3. HP: 33/33 MP: 2/2
  1258 | D:2      | Noticed a moth of wrath
  1262 | D:2      | Found a bloodstained altar of Trog.
  1421 | D:3      | Reached skill level 3 in Long Blades
  1541 | D:3      | Found a shimmering altar of Xom.
  1541 | D:3      | Found a shimmering altar of Xom.
  1541 | D:3      | Found a shimmering altar of Xom.
  1543 | D:3      | Found a shimmering altar of Xom.
  1543 | D:3      | Found a shimmering altar of Xom.
  1543 | D:3      | Found a shimmering altar of Xom.
  1607 | D:3      | Found a sacrificial altar of Ru.
  1607 | D:3      | Found a burning altar of Makhleb.
  1609 | D:3      | Found a sparkling altar of Nemelex Xobeh.
  1633 | D:3      | Noticed Robin
  1633 | D:3      | Reached XP level 4. HP: 40/40 MP: 3/3
  1638 | D:3      | Killed Robin
  1955 | D:4      | Reached skill level 4 in Long Blades
  1966 | D:4      | Reached XP level 5. HP: 12/47 MP: 4/4
  2201 | D:4      | Noticed an ogre
  2209 | D:4      | Killed an ogre
  2209 | D:4      | Reached skill level 5 in Fighting
  2209 | D:4      | Reached skill level 5 in Long Blades
  2209 | D:4      | Reached skill level 5 in Armour
  2209 | D:4      | Reached skill level 1 in Dodging
  2209 | D:4      | Reached skill level 5 in Shields
  2209 | D:4      | Reached XP level 6. HP: 27/56 MP: 5/5
  2256 | D:4      | Found a staircase to the Ecumenical Temple.
  2429 | D:4      | Reached XP level 7. HP: 43/61 MP: 6/6
  2511 | D:5      | Entered Level 5 of the Dungeon
  2555 | D:5      | Reached skill level 6 in Long Blades
  2567 | D:5      | Found a shattered altar of Ashenzari.
  3414 | D:6      | Reached skill level 7 in Long Blades
  3414 | D:6      | Reached XP level 8. HP: 46/70 MP: 7/7
  3532 | D:6      | Slain by an orc warrior

Skill      XL: |  1  2  3  4  5  6  7  8 |
---------------+-------------------------+-----
Fighting       | 4 5 |  5.8
Armour         | 4 5 6 |  6.4
Shields        | 4 5 6 |  6.0
Long Blades    | 3 4 5 7 |  7.0
Dodging        | 1 2 |  2.5

Action                   |  1- 3 |  4- 6 |  7- 9 || total
-------------------------+-------+-------+-------++-------
Melee: Long sword        |    99 |   105 |   115 ||   319
       Headbutt          |    18 |    21 |    25 ||    64
  Use: Scroll            |     3 |     5 |     2 ||    10
       Potion            |       |     3 |     3 ||     6
  Eat: Bread ration      |     1 |       |     1 ||     2
       Fruit             |       |     1 |     3 ||     4
Armor: Scale mail        |    70 |    40 |    34 ||   144
Dodge: Dodged            |    40 |    30 |    48 ||   118
Block: Shield            |    75 |    62 |    69 ||   206
       Rpst.: Long sword |    14 |    13 |     6 ||    33
